 Dungeon Crawl Stone Soup version 0.30-a0-950-gbf40cfac39 (webtiles) character file.

Game seed: 5578830525256671444

40 Maize the Chopper (level 3, 0/33 HPs)
             Began as a Minotaur Berserker on Mar 28, 2023.
             Was a Believer of Trog.
             Slain by an adder (2 damage)
             ... on level 2 of the Dungeon.
             The game lasted 00:01:45 (894 turns).

Maize the Chopper (Minotaur Berserker)               Turns: 894, Time: 00:01:46

Health: 0/33       AC:  3    Str: 23    XL:     3   Next: 30%
Magic:  2/2        EV: 12    Int:  4    God:    Trog [**....]
Gold:   42         SH:  0    Dex:  9    Spells: 2/2 levels left

rFire   . . .      SeeInvis .    a - +0 hand axe
rCold   . . .      Faith    .    (no shield)
rNeg    . . .      Spirit   .    b - +0 animal skin
rPois   .          Reflect  .    (helmet restricted)
rElec   .          Rampage  .    (no cloak)
rCorr   .                        j - +0 pair of gloves
Will    .....                    (no boots)
Stlth   +                        (no amulet)
HPRegen 0.25/turn                (no ring)
MPRegen 0.08/turn                (no ring)

@: on berserk cooldown, slowed, very slow
A: horns 2, retaliatory headbutt
a: Renounce Religion, Berserk, Trog's Hand


You were on level 2 of the Dungeon.
You worshipped Trog.
Trog was pleased with you.
You visited 1 branch of the dungeon, and saw 2 of its levels.

You collected 42 gold pieces.

Inventory:

Hand Weapons
 a - a +0 hand axe (weapon)
Armour
 b - a +0 animal skin (worn)
 j - a +0 pair of gloves (worn)
Jewellery
 c - a ring of resist corrosion
Scrolls
 d - 2 scrolls of teleportation {unknown}
 e - a scroll of poison {unknown}
 g - 3 scrolls of identify {unknown}
 h - a scroll of torment {unknown}
Potions
 f - a potion of lignification {unknown}
 i - a potion of berserk rage {unknown}


   Skills:
 + Level 4.1 Fighting
 * Level 4.4 Axes
 + Level 3.1 Armour
 - Level 2.4 Dodging


You had 2 spell levels left.
You didn't know any spells.
Your spell library was empty.

Dungeon Overview and Level Annotations

Branches:
Dungeon (2/15)

Altars:


Innate Abilities, Weirdness & Mutations

You have a pair of horns on your head.
You reflexively headbutt those who attack you in melee.


Message History

A gnoll and an adder come into view.
The gnoll shouts!
The adder hisses angrily.
Found a smoky silvery potion.
The gnoll shouts!
The gnoll hits you with a +0 flail! The gnoll completely misses you.
The adder attacks as you move away! The adder misses you.
The gnoll attacks as you move away! The gnoll hits you with a +0 flail!
* * * LOW HITPOINT WARNING * * *
A red film seems to cover your vision as you go berserk!
You feel yourself moving faster!
You feel mighty! The adder bites you.
* * * LOW HITPOINT WARNING * * *
The adder bites you.
* * * LOW HITPOINT WARNING * * *
You slash the adder!
The adder is almost dead.
The gnoll closely misses you.
The gnoll hits you from afar with a +0 spear!
* * * LOW HITPOINT WARNING * * *
The adder bites you but does no damage.
You closely miss the adder.
The adder is almost dead.
You closely miss the adder. Your headbutt misses the adder.
The adder is almost dead.
The adder misses you.
The gnoll hits you from afar with a +0 spear.
* * * LOW HITPOINT WARNING * * *
The gnoll hits you from afar with a +0 spear.
* * * LOW HITPOINT WARNING * * *
The adder bites you but does no damage. The gnoll closely misses you.
The gnoll barely misses you.
You feel a strong urge to attack something.
You are no longer berserk.
You are exhausted.
You feel yourself slow down. The adder attacks as you move away!
The adder bites you.
* * * LOW HITPOINT WARNING * * *
The adder barely misses you. The adder barely misses you. The adder bites you.
You die...

#.......# #.###
#.......######## #<...
#..............#######....
......##g#####.#..........
..... #.#.. #............
.... #g#.# ###..........
... #g#.# #.......)#. ##
#S#.###.#.##..##.#.
#.@.....#..#..#....
###.######.#..#..## ...
#.##...### ##.# #.##.#...#
.# #.##.###†# # #....#<..#
#### #####


You could see 3 gnolls and an adder.

Vanquished Creatures
  An adder (D:2)
  A dart slug (D:1)
  2 ball pythons (D:1)
  3 bats (D:1)
  An endoplasm (D:1)
  2 hobgoblins (D:1)
  2 jackals (D:1)
  4 frilled lizards
  5 goblins
  4 kobolds (D:1)
  3 rats (D:1)
28 creatures vanquished.

Notes
Turn   | Place    | Note
-------+----------+-------------------------------------------
     0 | D:1      | Maize the Minotaur Berserker began the quest for the Orb.
     0 | D:1      | Reached XP level 1. HP: 19/19 MP: 0/0
   221 | D:1      | Reached XP level 2. HP: 27/27 MP: 1/1
   477 | D:1      | Reached ** piety under Trog
   585 | D:1      | Found a faded altar of an unknown god.
   595 | D:1      | Reached XP level 3. HP: 29/33 MP: 2/2
   892 | D:2      | HP: 1/33 [adder (2)]
   894 | D:2      | Slain by an adder

Illustrated notes

Levels and vault maps discovered:
D:1:      lemuel_arrival_muddy, layout_loops_ring,
          hellmonk_ecumenical_altar_crossroads
D:2:      layout_basic

Skill      XL: |  1  2 |
---------------+-------+-----
Axes           | 4 |  4.4
Fighting       | 4 |  4.1
Armour         | 3 |  3.1
Dodging        | |  2.4

Action                     || total
---------------------------++-------
  Melee: Hand axe          ||    46
         Headbutt          ||     3
 Invoke: Berserk           ||     1
 Armour: Animal skin       ||     7
  Dodge: Dodged            ||    35

Table legend: (Time is in decaauts)
 A = Elapsed time spent in this place.
 B = Non-inter-level travel time spent in this place.
 C = Inter-level travel time spent in this place.
 D = Time resting spent in this place.
 E = Time spent auto-exploring this place.
 F = Levels seen in this place.
 G = Mean time per level.
                   A        B        C        D        E       F      G
               +--------+--------+--------+--------+--------+-----+--------+
         Total |    897 |    857 |     40 |     36 |    668 |   2 |  448.5 |
       Dungeon |    897 |    857 |     40 |     36 |    668 |   2 |  448.5 |
               +--------+--------+--------+--------+--------+-----+--------+

Top non-repeatable levels by time:
     D:1: 849 daAuts
     D:2: 48 daAuts
